[Event "MARCEL 1st Div Ch-League 2019"]
[Site "Dhaka"]
[Date "2019.11.12"]
[Round "1.1"]
[White "Shafiqul, Islam"]
[Black "Badal, Halder"]
[Result "1-0"]
[ECO "D51"]
[WhiteElo "1920"]
[BlackElo "1841"]
[Annotator "NA RC"]
[PlyCount "71"]
[EventDate "2019.11.12"]
[EventCountry "BAN"]
[SourceTitle "playchess.com"]
[Source "ChessBase"]
[SourceQuality "1"]
[TimeControl "5400+30"]

1. Nf3 d5 2. d4 Nf6 3. c4 e6 4. Nc3 Bb4 5. Bg5 Nbd7 6. cxd5 exd5 7. Qb3 Bxc3+ 8. bxc3 O-O 9. e3 c6 10. Bd3 Qa5 11. O-O Ne4 12. Be7 Re8 13. Bb4 Qc7 14. c4 dxc4 15. Bxc4 Ndf6 16. Ne5 Be6 17. f3 Bxc4 18. Qxc4 Nd6 19. Bxd6 Qxd6 20. Qxf7+ Kh8 21. Qxb7 Qe6 22. Rfc1 Rac8 23. Rxc6 Rxc6 24. Qxc6 Qxc6 25. Nxc6 Rxe3 26. Nxa7 Rd3 27. Nb5 Rd2 28. a4 Nd5 29. a5 Nf4 30. a6 Rxg2+ 31. Kh1 Rg6 32. a7 h5 33. a8=Q+ Kh7 34. Qe4 Nh3 35. Qxg6+ Kxg6 36. Re1 1-0

[Event "MARCEL 1st Div Ch-League 2019"]
[Site "Dhaka"]
[Date "2019.11.12"]
[Round "1.2"]
[White "Suvradeepta, Das"]
[Black "Roy, Prantik"]
[Result "0-1"]
[ECO "E01"]
[WhiteElo "1997"]
[BlackElo "2349"]
[Annotator "NA"]
[PlyCount "52"]
[EventDate "2019.11.12"]
[EventCountry "BAN"]
[SourceTitle "playchess.com"]
[Source "ChessBase"]
[SourceQuality "1"]
[TimeControl "5400+30"]

1. c4 c6 2. g3 d5 3. Bg2 Nf6 4. Nf3 e6 5. O-O Bd6 6. b3 Nbd7 7. Bb2 O-O 8. d4 Ne4 9. Nbd2 f5 10. Qc2 Qf6 11. Nxe4 fxe4 12. Ne1 Qg6 13. f3 Nf6 14. fxe4 dxe4 15. Qd2 Bd7 16. Nc2 Ng4 17. Ba3 e3 18. Qc3 Qh6 19. h3 Bxg3 20. Bxf8 Bf2+ 21. Rxf2 exf2+ 22. Kh1 Rxf8 23. Qg3 Nf6 24. Qxf2 Qd2 25. Ne1 Ne4 26. Qh4 Qxd4 0-1

[Event "MARCEL 1st Div Ch-League 2019"]
[Site "Dhaka"]
[Date "2019.11.12"]
[Round "1.3"]
[White "Nayem, Haque"]
[Black "Sarbojit Paul"]
[Result "0-1"]
[ECO "B22"]
[WhiteElo "1875"]
[BlackElo "2074"]
[Annotator "NA"]
[PlyCount "87"]
[EventDate "2019.11.12"]
[EventCountry "BAN"]
[SourceTitle "playchess.com"]
[Source "ChessBase"]
[SourceQuality "1"]
[TimeControl "5400+30"]

1. e4 c5 2. d4 cxd4 3. c3 Nf6 4. e5 Nd5 5. Nf3 e6 6. cxd4 d6 7. Nc3 Nxc3 8. bxc3 Qc7 9. Bd2 Nd7 10. exd6 Bxd6 11. Bd3 b6 12. O-O Bb7 13. Qe2 O-O 14. h3 Rfe8 15. Rfe1 e5 16. Bf5 e4 17. Ng5 Nf6 18. h4 g6 19. Bg4 h6 20. Nxf7 Qxf7 21. Bxh6 Nxg4 22. Qxg4 Qf5 23. Qe2 Rac8 24. Qe3 Bd5 25. a4 Rc7 26. a5 b5 27. f3 Re6 28. f4 a6 29. Bg5 Bc4 30. Kh2 Bd3 31. Rec1 Rf7 32. g3 Bf8 33. Kg2 Rc6 34. Bd8 Rc8 35. Bb6 Bd6 36. Ra2 Qg4 37. Rf2 Rcf8 38. Kh2 Rh7 39. Bc5 Bxc5 40. dxc5 Qe6 41. Re1 Qd5 42. c6 Qxc6 43. f5 gxf5 44. Qd4 0-1

[Event "MARCEL 1st Div Ch-League 2019"]
[Site "Dhaka"]
[Date "2019.11.12"]
[Round "1.4"]
[White "Gias Uddin, Ahmed"]
[Black "Islam, Sheik   Khairul"]
[Result "0-1"]
[ECO "D02"]
[WhiteElo "1900"]
[BlackElo "1966"]
[Annotator "NA"]
[PlyCount "98"]
[EventDate "2019.11.12"]
[EventCountry "BAN"]
[SourceTitle "playchess.com"]
[Source "ChessBase"]
[SourceQuality "1"]
[TimeControl "5400+30"]

1. Nf3 c6 2. g3 d5 3. Bg2 Nd7 4. d4 Ngf6 5. O-O e6 6. Bf4 Be7 7. c4 Nf8 8. Nc3 Ng6 9. c5 b6 10. b4 O-O 11. Ne5 Nxe5 12. Bxe5 a5 13. a3 Ba6 14. Qc2 Nd7 15. Bf4 f5 16. Rfb1 Bc4 17. cxb6 Nxb6 18. bxa5 Rxa5 19. a4 Nc8 20. Bd2 Ra6 21. e3 Nd6 22. f3 Bf6 23. f4 h6 24. a5 Qc8 25. Na4 Bb5 26. Bb4 Be7 27. Nb6 Qe8 28. Bf1 Rf7 29. Bxd6 Bxd6 30. Bxb5 cxb5 31. Qb3 b4 32. Qd3 Raa7 33. Rc1 Rfc7 34. Kg2 Bf8 35. Rxc7 Rxc7 36. a6 Ra7 37. Rc1 Qb8 38. Rc6 Qe8 39. Rc8 Qe7 40. Qb5 Kh7 41. Rb8 Qf7 42. Nc8 Rc7 43. Qe2 b3 44. Kh3 Rc2 45. Qd1 g5 46. fxg5 hxg5 47. Rb7 g4+ 48. Kh4 Rxh2+ 49. Kg5 Bh6# 0-1

[Event "MARCEL 1st Div Ch-League 2019"]
[Site "Dhaka"]
[Date "2019.11.12"]
[Round "1.5"]
[White "Md Shawkat Ali Sheikh"]
[Black "Rahman, Almasur"]
[Result "1/2-1/2"]
[ECO "C96"]
[WhiteElo "1851"]
[BlackElo "1958"]
[Annotator "NA"]
[PlyCount "52"]
[EventDate "2019.11.12"]
[EventCountry "BAN"]
[SourceTitle "playchess.com"]
[Source "ChessBase"]
[SourceQuality "1"]
[TimeControl "5400+30"]

1. e4 e5 2. Nf3 Nc6 3. Bb5 a6 4. Ba4 Nf6 5. O-O Be7 6. Re1 b5 7. Bb3 d6 8. c3 O-O 9. h3 Na5 10. Bc2 c5 11. d4 cxd4 12. cxd4 Qc7 13. d5 Bd7 14. Nbd2 Rac8 15. Bd3 Qb6 16. Nf1 Rc7 17. Be3 Qb8 18. Rc1 Rxc1 19. Qxc1 Rc8 20. Qd2 Nc4 21. Qe2 Bd8 22. Ng3 Ba5 23. Rc1 Nxe3 24. Qxe3 Rxc1+ 25. Qxc1 Qc8 26. Qxc8+ Bxc8 1/2-1/2

[Event "MARCEL 1st Div Ch-League 2019"]
[Site "Dhaka"]
[Date "2019.11.12"]
[Round "1.6"]
[White "Mohammad, Shameem"]
[Black "Md Sirajul, Islam"]
[Result "1-0"]
[ECO "A93"]
[WhiteElo "2015"]
[BlackElo "1768"]
[Annotator "NA"]
[PlyCount "87"]
[EventDate "2019.11.12"]
[EventCountry "BAN"]
[SourceTitle "playchess.com"]
[Source "ChessBase"]
[SourceQuality "1"]
[TimeControl "5400+30"]

1. d4 Nf6 2. Nf3 e6 3. g3 Be7 4. Bg2 d5 5. c4 c6 6. O-O O-O 7. b3 Ne4 8. Qc2 f5 9. Bf4 Nd7 10. Ne5 Nxe5 11. Bxe5 Bf6 12. f4 Bxe5 13. fxe5 Bd7 14. Nd2 Qg5 15. Rf4 Qh5 16. Nxe4 fxe4 17. Raf1 Rxf4 18. Rxf4 Rf8 19. Rxf8+ Kxf8 20. Qd2 a5 21. Bf1 b6 22. c5 bxc5 23. Qxa5 cxd4 24. Qc5+ Ke8 25. Qxd4 Qg5 26. Qc3 c5 27. e3 h5 28. Qxc5 Qxe5 29. Qd4 Qg5 30. Be2 h4 31. Kg2 hxg3 32. hxg3 Qh6 33. a4 Kf8 34. a5 e5 35. Qxd5 Qxe3 36. Qd6+ Ke8 37. Qxe5+ Kd8 38. Qb8+ Ke7 39. Qb4+ Kd8 40. Qb6+ Qxb6 41. axb6 Kc8 42. Ba6+ Kd8 43. Bb7 Bc6 44. Ba6 1-0

[Event "MARCEL 1st Div Ch-League 2019"]
[Site "Dhaka"]
[Date "2019.11.12"]
[Round "1.7"]
[White "Moniruzzaman, Masud"]
[Black "Habibur Rahman, Sohel"]
[Result "0-1"]
[ECO "B72"]
[WhiteElo "1828"]
[BlackElo "1841"]
[Annotator "NA"]
[PlyCount "66"]
[EventDate "2019.11.12"]
[EventCountry "BAN"]
[SourceTitle "playchess.com"]
[Source "ChessBase"]
[SourceQuality "1"]
[TimeControl "5400+30"]

1. e4 c5 2. Nf3 Nc6 3. d4 cxd4 4. Nxd4 d6 5. Be2 g6 6. Nc3 Bg7 7. Be3 a6 8. Qd2 Nf6 9. Nxc6 bxc6 10. Bh6 O-O 11. O-O-O Qa5 12. h4 Nxe4 13. Nxe4 Qxa2 14. c3 Qa1+ 15. Kc2 Qa4+ 16. Kd3 Bf5 17. f3 d5 18. Bxg7 dxe4+ 19. Ke3 Kxg7 20. Ra1 Qb3 21. Qd4+ Kg8 22. fxe4 Rfd8 23. Qc5 Be6 24. h5 Qxb2 25. Rad1 Bb3 26. hxg6 Bxd1 27. gxh7+ Kh8 28. Bxd1 Qd2+ 29. Kf3 Rd3+ 30. Kg4 Qxg2+ 31. Kf4 Qg3+ 32. Kf5 e6+ 33. Kf6 Qg7+ 0-1

[Event "MARCEL 1st Div Ch-League 2019"]
[Site "Dhaka"]
[Date "2019.11.12"]
[Round "1.8"]
[White "Sharmin, Samiha Shimmi"]
[Black "Kishor, Shazzad"]
[Result "0-1"]
[ECO "B08"]
[WhiteElo "1853"]
[BlackElo "1617"]
[Annotator "NA"]
[PlyCount "106"]
[EventDate "2019.11.12"]
[EventCountry "BAN"]
[SourceTitle "playchess.com"]
[Source "ChessBase"]
[SourceQuality "1"]
[TimeControl "5400+30"]

1. e4 g6 2. d4 Bg7 3. Nc3 d6 4. Nf3 Nf6 5. Bd3 O-O 6. Bg5 c5 7. Qd2 cxd4 8. Nxd4 Nc6 9. Nf3 d5 10. Bxf6 Bxf6 11. exd5 Bxc3 12. Qxc3 Qxd5 13. O-O Bf5 14. Rfd1 Rfd8 15. Qe1 Qc5 16. Bxf5 Qxf5 17. Qc3 Rac8 18. Rxd8+ Nxd8 19. Qe3 Qxc2 20. Re1 e6 21. Ne5 Qxb2 22. h4 Qc3 23. Qe2 Nc6 24. Ng4 h5 25. Nh2 Nd4 26. Qe5 Nf5 27. Qe4 Rc4 28. Qe2 Nxh4 29. Rd1 Rd4 30. Re1 Qc6 31. f3 Rc4 32. Rd1 Rc1 33. Qd2 Rxd1+ 34. Qxd1 Qc7 35. Nf1 Nf5 36. Qd2 Qb6+ 37. Kh1 Qd4 38. Qc2 Qd7 39. Nd2 Qc6 40. Qb2 Ne7 41. Ne4 Nd5 42. Qe5 Qc1+ 43. Kh2 Qf4+ 44. Qxf4 Nxf4 45. Nd6 b6 46. Nc8 Kf8 47. Nxa7 Nd5 48. Kg3 Ke8 49. Nc6 f6 50. a4 Kd7 51. Nd4 Nc3 52. f4 Nxa4 53. Nf3 b5 0-1

[Event "MARCEL 1st Div Ch-League 2019"]
[Site "Dhaka"]
[Date "2019.11.12"]
[Round "1.9"]
[White "Khan, Monir Hossain"]
[Black "Singh, Soram Rahul"]
[Result "0-1"]
[ECO "D02"]
[WhiteElo "1993"]
[BlackElo "2104"]
[Annotator "NA"]
[PlyCount "106"]
[EventDate "2019.11.12"]
[EventCountry "BAN"]
[SourceTitle "playchess.com"]
[Source "ChessBase"]
[SourceQuality "1"]
[TimeControl "5400+30"]

1. Nf3 Nf6 2. d4 d5 3. Bf4 c5 4. c3 Nc6 5. e3 Qb6 6. Qb3 c4 7. Qc2 Bf5 8. Qc1 h6 9. h3 e6 10. Nbd2 Be7 11. Be2 Rc8 12. Ne5 O-O 13. O-O Nxe5 14. Bxe5 Ne4 15. Nxe4 Bxe4 16. Bg3 Qa5 17. f3 Bg6 18. Qd2 b5 19. a3 Qb6 20. Bf2 a5 21. Rfe1 b4 22. axb4 axb4 23. Bf1 f5 24. f4 Ra8 25. Reb1 b3 26. Qd1 Ra2 27. Be1 Rfa8 28. Qc1 Ba3 29. bxa3 Rxa1 30. Rxa1 b2 31. Qb1 bxa1=Q 32. Qxa1 Qb3 33. Be2 Rxa3 34. Qc1 Ra2 35. Bf3 Qc2 36. Qxc2 Rxc2 37. Kf1 Be8 38. g4 g6 39. h4 h5 40. gxf5 gxf5 41. Bd1 Ra2 42. Be2 Kg7 43. Bf3 Kg6 44. Bd1 Ba4 45. Bxa4 Rxa4 46. Ke2 Ra2+ 47. Bd2 Kf7 48. Kd1 Ke7 49. Ke2 Kd7 50. Kd1 Kc6 51. Ke2 Kb5 52. Kd1 Ka4 53. Ke2 Kb3 0-1

[Event "MARCEL 1st Div Ch-League 2019"]
[Site "Dhaka"]
[Date "2019.11.12"]
[Round "1.10"]
[White "S.a.m., Nasir"]
[Black "Tutul, Dhar"]
[Result "0-1"]
[ECO "A14"]
[WhiteElo "2002"]
[BlackElo "1844"]
[Annotator "NA"]
[PlyCount "80"]
[EventDate "2019.11.12"]
[EventCountry "BAN"]
[SourceTitle "playchess.com"]
[Source "ChessBase"]
[SourceQuality "1"]
[TimeControl "5400+30"]

1. Nf3 d5 2. g3 Nf6 3. Bg2 c5 4. O-O Nc6 5. b3 e6 6. Bb2 Be7 7. e3 O-O 8. d4 b6 9. c4 Ba6 10. Nbd2 Rc8 11. Ne5 cxd4 12. exd4 Qd6 13. f4 Rfd8 14. Rc1 Bb7 15. g4 g6 16. f5 Nxe5 17. dxe5 Qc5+ 18. Kh1 Ne4 19. Nxe4 dxe4 20. Qc2 Rd3 21. fxg6 fxg6 22. Rce1 Rcd8 23. Qf2 Qxf2 24. Rxf2 Rd2 25. Rxd2 Rxd2 26. Bc3 Rc2 27. Bd4 Bh4 28. Ra1 Rd2 29. Bc3 Re2 30. Kg1 Bf2+ 31. Kf1 Rc2 32. Rd1 Bh4 33. Be1 Bg5 34. Rd7 Bc6 35. Rd6 Be8 36. Bxe4 Rc1 37. Ke2 Ra1 38. Rxe6 Bd7 39. Rd6 Bxg4+ 40. Bf3 Rxa2+ 0-1

[Event "MARCEL 1st Div Ch-League 2019"]
[Site "Dhaka"]
[Date "2019.11.12"]
[Round "1.11"]
[White "Hossain, Alamgir"]
[Black "Apollosana Mangang, Rajkumar"]
[Result "0-1"]
[ECO "B48"]
[WhiteElo "2032"]
[BlackElo "2078"]
[Annotator "NA"]
[PlyCount "102"]
[EventDate "2019.11.12"]
[EventCountry "BAN"]
[SourceTitle "playchess.com"]
[Source "ChessBase"]
[SourceQuality "1"]
[TimeControl "5400+30"]

1. e4 c5 2. Nf3 e6 3. Nc3 a6 4. Be2 Qc7 5. a3 Nc6 6. d4 cxd4 7. Nxd4 Nf6 8. Be3 Be7 9. Qd2 O-O 10. g4 d6 11. g5 Nd7 12. h4 Nxd4 13. Bxd4 b5 14. h5 f6 15. g6 h6 16. Be3 Rd8 17. O-O-O Nf8 18. Rhg1 Rb8 19. f4 d5 20. exd5 b4 21. axb4 Bxb4 22. Qd4 Qa5 23. Nb1 exd5 24. Qa7 Bf5 25. Bd3 Bd7 26. f5 Bd6 27. Rg4 Rdc8 28. Qxa6 Rxc2+ 29. Kxc2 Qxa6 30. Bxa6 Bxf5+ 31. Kc1 Bxg4 32. Rxd5 Be5 33. Bc4 Be6 34. b3 Bxd5 35. Bxd5+ Kh8 36. Nd2 Bc7 37. Kc2 f5 38. Nf3 f4 39. Bd4 Rb5 40. Be4 Rxh5 41. b4 Ne6 42. Bg1 Ng5 43. Nxg5 hxg5 44. b5 g4 45. b6 Bb8 46. Kd2 Rb5 47. Bd4 f3 48. Bg1 Rb2+ 49. Ke3 Rxb6 50. Bf5 Rf6 51. Ke4 Rxf5 0-1

[Event "MARCEL 1st Div Ch-League 2019"]
[Site "Dhaka"]
[Date "2019.11.12"]
[Round "1.12"]
[White "Hasan Md, Emam"]
[Black "Tanvir, Alam"]
[Result "1-0"]
[ECO "C61"]
[WhiteElo "2046"]
[BlackElo "1895"]
[Annotator "NA RC"]
[PlyCount "85"]
[EventDate "2019.11.12"]
[EventCountry "BAN"]
[SourceTitle "playchess.com"]
[Source "ChessBase"]
[SourceQuality "1"]
[TimeControl "5400+30"]

1. e4 e5 2. Nf3 Nc6 3. Bb5 Nd4 4. Nxd4 exd4 5. Bc4 Qf6 6. O-O d6 7. c3 Nh6 8. cxd4 Qxd4 9. d3 Qf6 10. Nc3 c6 11. d4 Be7 12. f3 O-O 13. Be3 Kh8 14. Qd2 Qg6 15. g4 Ng8 16. Ne2 f6 17. Nf4 Qe8 18. Rf2 Bd8 19. Rg2 Ne7 20. Kh1 Ng6 21. Nxg6+ Qxg6 22. Bd3 Qf7 23. Rag1 g6 24. b3 d5 25. e5 fxe5 26. dxe5 Be6 27. Bh6 Rg8 28. f4 Bb6 29. Rf1 d4 30. Be4 Bd5 31. Qd3 Rae8 32. Bg5 Rgf8 33. Bxd5 Qxd5 34. Bf6+ Kg8 35. f5 g5 36. Qh3 Qf7 37. Qh6 Qxf6 38. exf6 Rf7 39. Qxg5+ Kf8 40. Qh6+ Kg8 41. g5 Kh8 42. g6 Rd7 43. f7 1-0

[Event "MARCEL 1st Div Ch-League 2019"]
[Site "Dhaka"]
[Date "2019.11.13"]
[Round "2.1"]
[White "Suvradeepta, Das"]
[Black "Sabya, Sachi"]
[Result "1-0"]
[ECO "A85"]
[WhiteElo "1997"]
[BlackElo "1887"]
[Annotator "NA"]
[PlyCount "80"]
[EventDate "2019.11.12"]
[EventCountry "BAN"]
[SourceTitle "playchess.com"]
[Source "ChessBase"]
[SourceQuality "1"]
[TimeControl "5400+30"]

1. c4 f5 2. d4 Nf6 3. Nc3 g6 4. Bg5 Bg7 5. Qc2 O-O 6. e3 d6 7. O-O-O c6 8. h4 Qc7 9. Bd3 e5 10. d5 Na6 11. a3 (11. Bxf6 $1 $11 Rxf6 12. Be2) 11... Nc5 12. Bxf6 $1 Bxf6 13. Be2 a5 14. Kb1 Bg7 ({Black should play} 14... e4 $15) 15. Nh3 $11 Bd7 16. Ng5 h6 17. Nf3 Ne4 18. dxc6 bxc6 19. Rhf1 Nxc3+ 20. bxc3 Rfb8+ 21. Ka2 d5 22. Rb1 Be6 23. Qa4 Bd7 24. Qc2 Bf8 25. Rxb8 Qxb8 26. Rb1 Qd6 27. Qa4 c5 28. Qb3 e4 29. Nd2 a4 30. Qb6 Bc6 31. cxd5 Bxd5+ 32. Nc4 Qe6 33. Qxe6+ Bxe6 34. Rb6 Kf7 35. Kb2 Bg7 36. h5 g5 37. g4 Rd8 38. gxf5 Bxc4 39. Bxc4+ Ke7 40. Kc2 Rf8 1-0

[Event "MARCEL 1st Div Ch-League 2019"]
[Site "Dhaka"]
[Date "2019.11.13"]
[Round "2.2"]
[White "Nurul, Islam"]
[Black "Sarbojit Paul"]
[Result "0-1"]
[ECO "B49"]
[WhiteElo "1989"]
[BlackElo "2074"]
[Annotator "NA"]
[PlyCount "60"]
[EventDate "2019.11.12"]
[EventCountry "BAN"]
[SourceTitle "playchess.com"]
[Source "ChessBase"]
[SourceQuality "1"]
[TimeControl "5400+30"]

1. e4 c5 2. Nf3 e6 3. d4 cxd4 4. Nxd4 Nc6 5. Be2 Nf6 6. Nc3 Qc7 7. Be3 a6 8. Qd2 b5 9. Nxc6 dxc6 10. a3 Be7 11. Bf3 e5 12. h3 Be6 13. Ne2 O-O 14. O-O $11 Nd7 15. Ng3 g6 16. Bh6 Rfd8 17. Qc3 Rac8 18. Rfd1 Nb6 19. b3 c5 20. Be2 Rd4 21. Qe3 Rcd8 22. Nf5 Bxf5 23. exf5 Nd5 24. Qg3 Bh4 25. Qf3 e4 26. Qg4 Bxf2+ 27. Kh1 Qg3 28. Rxd4 Qxg4 29. Rxd5 Qh4 30. Rxd8+ Qxd8 0-1

[Event "MARCEL 1st Div Ch-League 2019"]
[Site "Dhaka"]
[Date "2019.11.13"]
[Round "2.3"]
[White "Gias Uddin, Ahmed"]
[Black "Bappi, A.b."]
[Result "1/2-1/2"]
[ECO "D02"]
[WhiteElo "1900"]
[BlackElo "1827"]
[Annotator "NA"]
[PlyCount "122"]
[EventDate "2019.11.12"]
[EventCountry "BAN"]
[SourceTitle "playchess.com"]
[Source "ChessBase"]
[SourceQuality "1"]
[TimeControl "5400+30"]

1. Nf3 d5 2. d4 Nf6 3. g3 h6 4. Bg2 e6 5. O-O Be7 6. Nbd2 {[%emt 0:01:53] D02: 1 d4 d5 2 Nf3 sidelines, including 2...Nf6 3 g3 and 2...Nf6 3 Bf4} Nbd7 7. c4 O-O 8. b3 Re8 9. Bb2 c6 10. h3 $146 ({Predecessor:} 10. Qc2 Bd6 11. Rad1 Rb8 12. e4 dxe4 13. Nxe4 Nxe4 14. Qxe4 Nf6 15. Qc2 Qc7 16. Rfe1 Bd7 17. Bc3 Rbd8 18. Qb2 {1-0 (48) Tempone,M (2387)-Cella,E (2053) Torre Blanca 2018}) 10... a5 11. a3 b6 12. Ne5 Nxe5 13. dxe5 Nd7 14. e4 dxc4 15. Nxc4 Ba6 16. Qc2 Bxc4 17. Qxc4 Nc5 18. Rad1 Qc7 19. f4 b5 20. Qc2 Rad8 21. Kh2 $15 (21. Bd4 $11 Na6 22. Bb2) 21... Rxd1 22. Rxd1 Rd8 23. Rxd8+ Qxd8 24. Bf1 Qd7 25. h4 a4 26. b4 Nb3 27. Qd3 Qa7 28. Kg2 Qb7 29. Kf3 c5 30. bxc5 Bxc5 31. Kg4 b4 32. axb4 Bxb4 33. Bg2 Be7 34. Qc4 a3 35. Bc3 a2 36. Qa4 Nc1 37. Bf1 Qb3 38. Qd4 Qb1 39. Bc4 Qc2 40. Ba1 g6 41. Kh3 Qb1 42. Kg2 Bc5 43. Qd8+ Kh7 44. Qf6 Qxe4+ 45. Kh2 Kg8 46. Bxe6 Qe2+ 47. Kh3 Qf1+ 48. Kg4 Qd1+ 49. Kh3 Qh1+ 50. Kg4 Qd1+ 51. Kh3 fxe6 52. Qxe6+ Kf8 53. Qc8+ Ke7 54. Qxc5+ Ke8 55. Qc6+ Qd7+ 56. Qxd7+ Kxd7 57. h5 gxh5 58. Kh4 Ke6 59. Kxh5 Ne2 60. g4 Nxf4+ 61. Kxh6 Nd3 1/2-1/2

[Event "MARCEL 1st Div Ch-League 2019"]
[Site "Dhaka"]
[Date "2019.11.13"]
[Round "2.4"]
[White "Khondakar, Nazre Mowla"]
[Black "Anisuzzaman, Jewel"]
[Result "1/2-1/2"]
[ECO "B08"]
[WhiteElo "1864"]
[BlackElo "1852"]
[Annotator "NA"]
[PlyCount "74"]
[EventDate "2019.11.12"]
[EventCountry "BAN"]
[SourceTitle "playchess.com"]
[Source "ChessBase"]
[SourceQuality "1"]
[TimeControl "5400+30"]

1. e4 g6 2. d4 d6 3. Nf3 Nf6 4. Nc3 Bg7 5. Be2 O-O 6. O-O Na6 (6... c5 $11 {remains equal.}) 7. Be3 c5 8. Bxa6 cxd4 9. Nxd4 bxa6 10. Nb3 $11 Bb7 11. f3 Qc7 12. Qe2 d5 13. exd5 Nxd5 14. Nxd5 Bxd5 15. Rfb1 Be5 16. h3 Bc4 17. Qf2 Bg3 18. Qd2 Rfd8 19. Qa5 Qxa5 20. Nxa5 Be2 21. Nc6 Rd7 22. Nd4 Bc4 23. b3 Be5 24. c3 Bd5 25. Rd1 Rad8 26. Rd3 Bb7 27. Rad1 Bb8 28. R3d2 e5 29. Ne2 Rxd2 30. Rxd2 Rxd2 31. Bxd2 f5 32. Be3 Kf7 33. Kf2 Ke6 34. f4 e4 35. Bd4 h5 36. g3 Kd7 37. Ke3 Ke6 {[%emt 0:02:59] Kxe4 Ke5+} 1/2-1/2

[Event "MARCEL 1st Div Ch-League 2019"]
[Site "Dhaka"]
[Date "2019.11.13"]
[Round "2.5"]
[White "Imam, Farhadur"]
[Black "Yasir Ali, Khan Evan"]
[Result "1-0"]
[ECO "B12"]
[WhiteElo "2033"]
[BlackElo "1930"]
[Annotator "NA"]
[PlyCount "79"]
[EventDate "2019.11.12"]
[EventCountry "BAN"]
[SourceTitle "playchess.com"]
[Source "ChessBase"]
[SourceQuality "1"]
[TimeControl "5400+30"]

1. e4 c6 2. d4 d5 3. e5 Bf5 4. Bd3 Bxd3 5. Qxd3 e6 6. f4 c5 7. c3 {[%emt 0:01:19] B12: Caro-Kann: Advance Variation} cxd4 8. cxd4 Qa5+ 9. Nc3 Qa6 $146 ({Predecessor:} 9... Bb4) 10. Nb5 Bb4+ (10... Qb6 $11) 11. Bd2 Bxd2+ 12. Kxd2 Qa5+ 13. Ke2 Nc6 14. Nd6+ Ke7 15. Nf3 Nh6 (15... Qb4 $16) 16. Rhd1 Qb4 17. Rd2 g6 18. a3 Qb6 $1 19. Nh4 Nf5 (19... Rhd8 $14) 20. Nhxf5+ gxf5 21. Rad1 Rhg8 22. Qh3 Rg7 $16 23. Qh6 Rxg2+ 24. Kf3 Rg6 25. Qxh7 Rag8 26. Qxf7+ Kd8 27. Qxb7 Qxb7 28. Nxb7+ Kc7 29. Nc5 Kb6 30. Nd7+ Kb5 31. Rc1 Na5 32. Rc5+ Ka4 33. Rc7 Nc4 34. Rxa7+ Kb5 35. Rc2 Rg1 36. a4+ Kb4 37. Rb7+ Ka5 38. Rxc4 Rf1+ 39. Ke2 Ka6 40. Nc5+ 1-0

[Event "MARCEL 1st Div Ch-League 2019"]
[Site "Dhaka"]
[Date "2019.11.13"]
[Round "2.6"]
[White "Mohammad, Hasan Mia"]
[Black "Sambarta Banerjee"]
[Result "0-1"]
[ECO "E12"]
[WhiteElo "1743"]
[BlackElo "1957"]
[Annotator "NA"]
[PlyCount "95"]
[EventDate "2019.11.12"]
[EventCountry "BAN"]
[SourceTitle "playchess.com"]
[Source "ChessBase"]
[SourceQuality "1"]
[TimeControl "5400+30"]

1. d4 Nf6 2. c4 e6 3. Nf3 b6 4. a3 Bb7 5. Nc3 Be7 6. d5 O-O 7. e4 exd5 8. cxd5 Re8 9. Bd3 d6 10. O-O Nbd7 (10... c6 $14) 11. b4 ({Better is} 11. Nd4 $16) 11... a5 12. b5 Nc5 13. Bc2 (13. Nd4 $14) 13... Nfd7 (13... Nfxe4 $5 14. Nxe4 Nxe4 $11) 14. Be3 Bf6 15. Bd4 Qe7 16. Re1 Bc8 $14 17. h3 g6 18. a4 Ne5 19. Bxe5 dxe5 20. Rc1 Bg7 21. Qd2 f5 22. Red1 Qd6 23. Qe3 f4 24. Qe2 Bf8 25. Nd2 Qf6 26. Nc4 Bd6 27. Nb1 Rf8 28. f3 g5 29. Nba3 h5 30. Nxd6 cxd6 31. Nc4 Rb8 32. Rd2 Kg7 33. Bd1 Rh8 34. Rc3 Qg6 35. Bc2 g4 36. Kh1 Kf8 37. Qf2 Ke7 38. Nxe5 dxe5 39. Rxc5 bxc5 40. Qxc5+ Qd6 41. Qa7+ Bd7 42. Qxa5 Rhc8 43. Re2 Ra8 44. Qe1 g3 45. Qb1 Rc4 46. Bb3 Rc3 47. Rc2 Rac8 48. Kg1 0-1

[Event "MARCEL 1st Div Ch-League 2019"]
[Site "Dhaka"]
[Date "2019.11.13"]
[Round "2.7"]
[White "Suvankar Maity"]
[Black "Mohammad Salman, Munshi"]
[Result "1-0"]
[ECO "B09"]
[WhiteElo "1795"]
[BlackElo "1593"]
[Annotator "NA"]
[PlyCount "42"]
[EventDate "2019.11.12"]
[EventCountry "BAN"]
[SourceTitle "playchess.com"]
[Source "ChessBase"]
[SourceQuality "1"]
[TimeControl "5400+30"]

1. e4 d6 2. d4 Nf6 3. Nc3 g6 4. f4 Bg7 5. Nf3 O-O 6. e5 dxe5 7. fxe5 Nd5 8. Ne4 Bg4 9. Be2 Nc6 10. c3 Kh8 11. O-O f6 12. exf6 exf6 13. h3 Bc8 14. c4 Nde7 15. d5 Nb4 16. Bd2 Na6 17. Bc3 Nf5 18. Qd3 Qe7 19. a3 Re8 20. Rfe1 Qxe4 21. Bf1 Ne3 1-0

[Event "MARCEL 1st Div Ch-League 2019"]
[Site "Dhaka"]
[Date "2019.11.13"]
[Round "2.8"]
[White "Nasim Hossain, Bhuiyan"]
[Black "Parvej, Nahid Sagar"]
[Result "1/2-1/2"]
[ECO "D48"]
[WhiteElo "1801"]
[BlackElo "1976"]
[Annotator "NA"]
[PlyCount "97"]
[EventDate "2019.11.12"]
[EventCountry "BAN"]
[SourceTitle "playchess.com"]
[Source "ChessBase"]
[SourceQuality "1"]
[TimeControl "5400+30"]

1. c4 e6 2. Nf3 d5 3. e3 Nf6 4. Nc3 c6 5. d4 Nbd7 6. Bd3 dxc4 7. Bxc4 b5 8. Bd3 Bb7 9. O-O a6 10. Qe2 $146 {[%emt 0:00:00] D48: Semi-Slav: Meran System: 7...b5 8 Bd3 a6} (10. e4 c5 11. d5 c4 12. Bc2 Qc7 13. dxe6 fxe6 14. Ne2 Nc5 15. Bf4 Qd7 16. Qxd7+ Nfxd7 17. Ned4 Be7 18. b4 cxb3 19. axb3 b4 20. Rfe1 O-O 21. Bc7 g6 {½-½ (40) Radjabov,T (2748)-Karjakin,S (2778) Shamkir 2018}) 10... c5 11. e4 c4 (11... cxd4 $15 12. Nxd4 b4) 12. Bc2 Be7 13. d5 exd5 14. e5 Ne4 15. Nxe4 dxe4 16. Bxe4 Bxe4 17. Qxe4 O-O (17... Nc5 $5 18. Qg4 O-O $11) 18. Be3 Nc5 19. Qg4 (19. Bxc5 $5 Bxc5 20. Rad1 $11) 19... Qc8 20. Qh5 $17 (20. Qg3 $142) 20... Ne6 21. Nd2 Bc5 22. Rae1 Qc6 23. Qg4 Bb4 24. a3 Bxd2 25. Bxd2 Nc5 26. Re3 Qe6 27. Qe2 Rfd8 28. f4 Qf5 29. Bc3 Na4 30. Bb4 Rd3 31. b3 Rxe3 32. Qxe3 cxb3 33. Qxb3 Rc8 34. Qf3 h6 35. g4 Qe6 36. Bd6 Nc3 37. f5 Qc4 38. Re1 Qd4+ 39. Kh1 a5 40. h3 Qd2 41. Qe3 Qd5+ 42. Kg1 Na4 43. Qe4 Qd2 44. Qe2 Qd4+ 45. Qe3 Qd5 46. Qe4 Qd2 47. Qe2 Qd4+ 48. Qe3 Qd5 49. Qe4 1/2-1/2

[Event "MARCEL 1st Div Ch-League 2019"]
[Site "Dhaka"]
[Date "2019.11.13"]
[Round "2.9"]
[White "Singh, Soram Rahul"]
[Black "Md Emdadul, Haque"]
[Result "1-0"]
[ECO "D36"]
[WhiteElo "2104"]
[BlackElo "2070"]
[Annotator "NA"]
[PlyCount "87"]
[EventDate "2019.11.12"]
[EventCountry "BAN"]
[SourceTitle "playchess.com"]
[Source "ChessBase"]
[SourceQuality "1"]
[TimeControl "5400+30"]

1. d4 Nf6 2. c4 e6 3. Nc3 d5 4. cxd5 exd5 5. Bg5 Be7 6. e3 c6 7. Bd3 h6 8. Bh4 O-O 9. Qc2 Nbd7 10. Nge2 Re8 11. O-O Nf8 12. f3 Ne6 13. Rad1 a6 {[%emt 0:04:43] D36: Queen's Gambit Declined: Exchange Variation: Main line (5 Bg5 c6 6 Qc2)} 14. h3 {[%emt 0:07:09] [#]} g5 $146 (14... Nh5 $11 {remains equal.} 15. Bxe7 Qxe7) ({Predecessor:} 14... b5 15. a3 a5 16. Na2 Bd7 17. e4 Nh5 {0-1 (63) Richter,M (2421)-Jussupow,A (2570) Germany 2009}) 15. Bf2 $16 Ng7 16. e4 dxe4 17. fxe4 g4 18. e5 Nd5 19. Nxd5 cxd5 20. Be3 Bg5 21. Bh7+ Kh8 22. Bxg5 Qxg5 23. Rxf7 Be6 24. Rf2 Rf8 25. Rdf1 Rxf2 26. Rxf2 Qe3 27. Qd3 Qxd3 28. Bxd3 gxh3 29. gxh3 Nh5 30. Kh2 Rg8 31. Nf4 Nxf4 32. Rxf4 Re8 33. Rf6 Kg7 34. Rg6+ Kf7 35. Rxh6 Rg8 36. Rh7+ Rg7 37. Rxg7+ Kxg7 38. Kg3 Kh6 39. Be2 Kg6 40. Bg4 Bg8 41. Kf4 b6 42. h4 a5 43. h5+ Kf7 44. Bf5 1-0